 Dungeon Crawl Stone Soup version 0.29.0-4-gdea44cf6ec (webtiles) character file.

Game seed: 16944588322586432554

99 qw the Chopper (level 4, -4/26 HPs)
             Began as a Tengu Warper on Aug 28, 2022.
             Slain by a gnoll
             ... wielding a +0 halberd
              (7 damage)
             ... on level 3 of the Dungeon.
             The game lasted 00:00:11 (1625 turns).

qw the Chopper (Tengu Warper)                       Turns: 1625, Time: 00:00:12

Health: -4/26      AC:  8    Str: 17 (19) XL:     4   Next: 72%
Magic:  8/8        EV: 10    Int: 12 (13) God:
Gold:   62         SH:  0    Dex: 11 (14) Spells: 7/7 levels left

rFire   . . .      SeeInvis .   Y - +1 hand axe
rCold   . . .      Faith    .   (no shield)
rNeg    . . .      Spirit   .   l - +0 scale mail
rPois   .          Reflect  .   d - +2 hat
rElec   .          Harm     .   (no cloak)
rCorr   .          Rampage  .   (no gloves)
Will    .....                   (boots unavailable)
Stlth   ..........              (no amulet)
HPRegen 0.08/turn               a - +6 ring of strength
MPRegen 0.11/turn               (no ring)

@: no status effects
A: beak, talons 3
a: no special abilities


You were on level 3 of the Dungeon.
You visited 1 branch of the dungeon, and saw 3 of its levels.

You collected 62 gold pieces.


Innate Abilities, Weirdness & Mutations

You have a beak for a mouth.
You have claws for feet.


   Skills:
 - Level 2.0 Fighting
 + Level 5.2 Axes
 - Level 1.0 Throwing
 - Level 1.1 Armour
 - Level 2.1 Dodging
 - Level 2.0 Spellcasting
 - Level 2.4 Translocations


You had 7 spell levels left.
You didn't know any spells.
Your spell library contained the following spells:

 Spells                   Type           Power      Damage    Failure   Level
 Blink                    Tloc           12%        N/A       50%         2
 Gell's Gravitas          Tloc           6%         N/A       73%         3
 Lesser Beckoning         Tloc           6%         N/A       73%         3
 Teleport Other           Tloc           6%         N/A       73%         3
 Manifold Assault         Tloc           6%         N/A       100%        5

Inventory:

Hand Weapons
 e - a +0 whip
 Y - a +1 hand axe (weapon)
Armour
 d - a +2 hat (worn)
 l - a +0 scale mail (worn)
Jewellery
 a - a +6 ring of strength (left hand)
 k - a ring of fire
Potions
 b - a potion of attraction {unknown}
 i - a potion of might

Dungeon Overview and Level Annotations

Branches:
Dungeon (3/15)

Altars:


Message History

You see here a scroll of teleportation.
1611 ||| Stepping ~*~*~tactically~*~*~ (stealth).
The gnoll moves out of view.
A gnoll comes into view. It is wielding a +0 halberd.
You see here a scroll of teleportation.
1613 ||| Stepping ~*~*~tactically~*~*~ (hiding).
You start waiting.
A gnoll is nearby!
1615 ||| Stepping ~*~*~tactically~*~*~ (hiding).
You start waiting.
A gnoll is nearby!
A gnoll comes into view. It is wielding a +0 club.
1618 ||| Stepping ~*~*~tactically~*~*~ (stealth).
The gnoll drinks a potion.
The gnoll seems to grow stronger.
The gnoll shouts!
The gnoll misses you. The gnoll hits you with a +0 spear.
There is a stone staircase leading down here.
You hit the gnoll. Your kick misses the gnoll. You peck the gnoll.
The gnoll is lightly wounded.
You hit the gnoll. You hit the gnoll.
The gnoll is lightly wounded.
You barely miss the gnoll. The gnoll hits you with a +0 spear.
You hit the gnoll. Your peck misses the gnoll.
The gnoll is moderately wounded.
You closely miss the gnoll. The gnoll hits you with a +0 flail.
The gnoll closely misses you. The gnoll hits you but does no damage.
You hit the gnoll. You claw the gnoll.
You kill the gnoll!
You hit the gnoll but do no damage. You closely miss the gnoll.
The gnoll hits you with a +0 flail! The gnoll closely misses you.
The gnoll hits you but does no damage.
You hit the gnoll. Your kick misses the gnoll.
The gnoll is heavily wounded.
You barely miss the gnoll. The gnoll barely misses you.
The gnoll hits you with a +0 club.
The gnoll hits you from afar with a +0 halberd!
You die...

.# #. .# . . <.
.# ..
#.#.###..#
...#.#...#..# #
.......#.#..#.#
..............#
.....g)gg...#
#@?# #..# ..#
#..# #
.....#..#.##..#
.......<......#
.....#..#####.#
###.##..# #.
#... # ....


You could see 3 gnolls.

Vanquished Creatures
  4 adders (D:2)
  A gnoll (D:3)
  A worm (D:2)
  A dart slug (D:2)
  3 ball pythons
  3 endoplasms
  2 giant cockroaches
  6 goblins
  5 hobgoblins
  4 jackals (D:2)
  2 quokkas
  2 bats
  4 frilled lizards
  2 kobolds (D:1)
  7 rats
47 creatures vanquished.

Notes
Turn   | Place    | Note
-------+----------+-------------------------------------------
     0 | D:1      | qw the Tengu Warper began the quest for the Orb.
     0 | D:1      | Reached XP level 1. HP: 12/12 MP: 4/4
     0 | D:1      | 0 ||| qw: Version: 0.1-a-89-g26bdef1
     0 | D:1      | 0 ||| qw: Game counter: 343
     0 | D:1      | 0 ||| qw: Always use a shield: true
     0 | D:1      | 0 ||| qw: God list: Okawaru
     0 | D:1      | 0 ||| qw: Allow faded altars: false
     0 | D:1      | 0 ||| qw: Do Orc after D:15 true
     0 | D:1      | 0 ||| qw: Do second Lair branch before Depths: true
     0 | D:1      | 0 ||| qw: Lair rune preference: random
     0 | D:1      | 0 ||| qw: Plans: Normal
     0 | D:1      | 0 ||| PLANNING D:1-11
     5 | D:1      | 5 ||| Stepping ~*~*~tactically~*~*~ (stealth).
   161 | D:1      | Reached XP level 2. HP: 17/17 MP: 6/6
   167 | D:1      | Reached skill level 3 in Axes
   298 | D:1      | Found a faded altar of an unknown god.
   411 | D:1      | Reached XP level 3. HP: 11/21 MP: 7/7
   619 | D:1      | 619 ||| UPGRADING to +2 hat.
   624 | D:1      | 624 ||| UPGRADING to +0 ring mail.
   634 | D:1      | 634 ||| DROPPING +0 leather armour.
   635 | D:1      | 635 ||| READING scroll labelled FEDONIOFOEM.
   639 | D:1      | 639 ||| READING scroll labelled ODGHOE EBEPPU.
   640 | D:1      | 640 ||| READING scroll labelled OFRAZE AMETHRIF.
   641 | D:1      | 641 ||| DROPPING scroll of blinking.
   671 | D:2      | Reached skill level 4 in Axes
   813 | D:2      | 813 ||| Stepping ~*~*~tactically~*~*~ (stealth).
  1005 | D:2      | Reached XP level 4. HP: 26/26 MP: 8/8
  1093 | D:2      | Reached skill level 5 in Axes
  1180 | D:2      | 1180 ||| Stepping ~*~*~tactically~*~*~ (hiding).
  1182 | D:2      | 1182 ||| Stepping ~*~*~tactically~*~*~ (hiding).
  1519 | D:2      | 1519 ||| DROPPING +1 hat.
  1520 | D:2      | 1520 ||| UPGRADING to +0 scale mail.
  1530 | D:2      | 1530 ||| DROPPING +0 ring mail.
  1531 | D:2      | 1531 ||| UPGRADING to +6 ring of strength.
  1532 | D:2      | 1532 ||| READING scroll labelled VEOLULY INWY.
  1533 | D:2      | 1533 ||| READING scroll labelled HUJYKHL HO VAM.
  1534 | D:2      | 1534 ||| DRINKING 3 ruby potions.
  1535 | D:2      | 1535 ||| DRINKING 2 lumpy cyan potions.
  1569 | D:2      | 1569 ||| DROPPING 2 potions of degeneration.
  1570 | D:2      | 1570 ||| DROPPING potion of lignification.
  1611 | D:3      | 1611 ||| Stepping ~*~*~tactically~*~*~ (stealth).
  1613 | D:3      | 1613 ||| Stepping ~*~*~tactically~*~*~ (hiding).
  1615 | D:3      | 1615 ||| Stepping ~*~*~tactically~*~*~ (hiding).
  1618 | D:3      | 1618 ||| Stepping ~*~*~tactically~*~*~ (stealth).
  1625 | D:3      | HP: 3/26 [gnoll/+0 club (6)]
  1625 | D:3      | Slain by a gnoll

Levels and vault maps discovered:
D:1:      wander_arrival_peaceful_grave, layout_rooms,
          shapermc_ecumenical_altar_flowoftime
D:2:      layout_basic
D:3:      layout_loops_ring

Skill      XL: |  1  2  3  4 |
---------------+-------------+-----
Axes           | 3 4 5 |  5.2
Fighting       | |  2.0
Throwing       | |  1.0
Armour         | |  1.1
Dodging        | |  2.1
Spellcasting   | |  2.0
Translocations | |  2.4

Action                   |  1- 3 |  4- 6 || total
-------------------------+-------+-------++-------
Melee: Hand axe          |    87 |    26 ||   113
       Kick              |    15 |     8 ||    23
       Peck              |    10 |     4 ||    14
       Punch             |     1 |       ||     1
Throw: Boomerang         |     7 |       ||     7
  Use: Scroll            |     3 |     2 ||     5
       Potion            |       |     2 ||     2
Armor: Leather armour    |    13 |       ||    13
       Ring mail         |    13 |     5 ||    18
       Scale mail        |       |     2 ||     2
Dodge: Dodged            |    50 |    10 ||    60

Table legend:
 A = Non-vault XP
 B = Vault XP
 C = Vault XP percentage of total XP
 D = Non-vault monster count
 E = Vault monster count
 F = Vault count percentage of total count
                 A         B        C        D         E       F
            +---------+---------+-------+---------+---------+-------
      Total |     142 |       0 |   0.0 |      47 |       0 |   0.0
            +---------+---------+-------+---------+---------+-------
        D:1 |      36 |       0 |   0.0 |      23 |       0 |   0.0
        D:2 |      90 |       0 |   0.0 |      22 |       0 |   0.0
        D:3 |      16 |       0 |   0.0 |       2 |       0 |   0.0
            +---------+---------+-------+---------+---------+-------
